 Dungeon Crawl Stone Soup version 0.20.2-3-g29329e0561 (webtiles) character file.

3984 Alfie the Archer (level 10, -35/89 HPs)
             Began as a Minotaur Hunter on June 26, 2020.
             Shot with a bolt by a yaktaur captain (38 damage)
             ... on level 8 of the Dungeon.
             The game lasted 00:25:13 (5675 turns).

Alfie the Archer (Minotaur Hunter)                  Turns: 5675, Time: 00:25:14

Health: -35/89     AC: 14    Str: 20    XL:     10   Next: 3%
Magic:  9/9        EV:  9    Int:  8    God:
Gold:   336        SH:  0    Dex: 15    Spells: 8/9 levels left

rFire    . . .     SeeInvis .   a - +2 shortbow
rCold    . . .     Gourm    .   (shield currently unavailable)
rNeg     . . .     Faith    .   j - +2 chain mail
rPois    +         Spirit   .   (helmet restricted)
rElec    .         Reflect  .   y - +0 cloak
rCorr    .         Harm     .   h - +0 pair of gloves
MR       .....                  (no boots)
Stlth    ..........             (no amulet)
Regen    0.3/turn               p - +4 ring of dexterity
MPRegen  0.2/turn               u - ring of poison resistance

@: no status effects
A: retaliatory headbutt, horns 2
a: no special abilities


You were on level 8 of the Dungeon.
You were not hungry.

You visited 1 branch of the dungeon, and saw 8 of its levels.

You collected 336 gold pieces.

Inventory:

Hand Weapons
 a - a +2 shortbow (weapon)
 b - a +1 short sword
Missiles
 d - 31 arrows (quivered)
 v - 10 tomahawks
Armour
 h - a +0 pair of gloves (worn)
 j - a +2 chain mail (worn)
 y - a +0 cloak (worn)
Jewellery
 c - an uncursed amulet of rage
 p - a +4 ring of dexterity (left hand)
 u - a ring of poison resistance (right hand)
Wands
 r - a wand of iceblast (1/15)
 A - a wand of random effects (17/48)
Scrolls
 e - 6 scrolls of identify
 k - 6 scrolls of teleportation
 l - a scroll of fear
 s - 3 scrolls of remove curse
 x - a scroll of fog
Potions
 g - 3 potions of curing
 o - a potion of brilliance {unknown}
 q - 2 potions of haste {unknown}
 t - 2 potions of flight
Books
 m - a book of Clouds

   Spells                             Type                      Level
   a - Poisonous Vapours              Poison/Air                   2
   b - Mephitic Cloud                 Conjuration/Poison/Air       3
   c - Conjure Flame                  Conjuration/Fire             3
   d - Freezing Cloud                 Conjuration/Ice/Air          6
   e - Ring of Flames                 Charms/Fire                  7
 w - a book of Conjurations

   Spells                             Type                      Level
   a - Magic Dart                     Conjuration                  1
   b - Searing Ray                    Conjuration                  2
   c - Dazzling Spray                 Conjuration/Hexes            3
   d - Fulminant Prism                Conjuration/Hexes            4
   e - Force Lance                    Conjuration/Translocation    4
   f - Iskenderun's Mystic Blast      Conjuration                  4
Comestibles
 f - 3 bread rations
 i - 4 meat rations
 n - 2 royal jellies
 z - a fruit


   Skills:
 + Level 8.3 Fighting
 + Level 2.2 Short Blades
 + Level 12.6 Bows
 + Level 6.1 Armour
 + Level 3.1 Dodging
 + Level 1.4 Stealth


You had 8 spell levels left.
You knew the following spells:

 Your Spells              Type           Power        Failure   Level  Hunger
a - Magic Dart            Conj           #...         98%         1    ##.....


Dungeon Overview and Level Annotations

Branches:
Dungeon (8/15)             Temple (0/1) D:4
   Lair: D:8-11

Altars:
Cheibriados
Elyvilon
Hepliaklqana
Kikubaaqudgha
Makhleb
Qazlal
Ru
Trog
Uskayaw
Xom
Yredelemnul

Shops:
D:8 =


Innate Abilities, Weirdness & Mutations

You reflexively headbutt those who attack you in melee.
You have a pair of horns on your head.


Message History

Firing (i - inventory. (,) - cycle):
d - 34 arrows (quivered)
Press: ? - help, Shift-Dir - straight line, f/p - yaktaur captain
Aim: a yaktaur captain, wielding an arbalest (moderately wounded)
You shoot an arrow.
The arrow hits the yaktaur captain but does no damage.
The yaktaur captain is moderately wounded.
The yaktaur captain shoots a bolt.
The bolt hits you!!
* * * LOW HITPOINT WARNING * * *
Firing (i - inventory. (,) - cycle):
d - 33 arrows (quivered)
Press: ? - help, Shift-Dir - straight line, f/p - yaktaur captain
Aim: a yaktaur captain, wielding an arbalest (moderately wounded)
You shoot an arrow. The arrow hits the yaktaur captain!
The yaktaur captain is heavily wounded.
Firing (i - inventory. (,) - cycle):
d - 32 arrows (quivered)
Press: ? - help, Shift-Dir - straight line, f/p - yaktaur captain
Aim: a yaktaur captain, wielding an arbalest (heavily wounded)
You shoot an arrow. The arrow hits the yaktaur captain!
The yaktaur captain is severely wounded.
The yaktaur captain shoots a bolt.
The bolt hits you!!!
You die...

******* *********,,,,,*
*,,,,,,,,,,,,,*
**,,########...#
*,,*#....@.##..# #######
*,,#..#..#..#..# #.....#
*,,*,_#..#_.#..# #.....#
*,,*,,#..#c[#..# #.....#
#.,*⌠,#..#(⌠#..# #.....#*
#..####''####..####.....#,
#....8#..#8....)........#,
#....'....'....##.......#,
#....8####8...#...#.....#.


You could see a yaktaur captain.

Vanquished Creatures
  The ghost of peterlawrence the Basher, a novice MiFi (D:8)
  The ghost of Alfie the Shooter, an amateur MiHu (D:4)
  A hippogriff (D:8)
  Menkaure (D:6)
  A water moccasin (D:7)
  An orc warrior (D:7)
  4 ice beasts
  A sky beast (D:8)
  5 ogres
  The ghost of Alfie the Shooter, an amateur MiHu (D:3)
  3 bullfrogs
  Blork the orc (D:4)
  A scorpion (D:8)
  4 killer bees (D:7)
  4 wights (D:6)
  A howler monkey (D:6)
  2 centaur zombies
  A crimson imp (D:5)
  A jelly (D:8)
  2 hounds
  3 orc priests
  2 bullfrog skeletons
  A centaur skeleton (D:4)
  3 iguanas
  6 orc wizards
  4 worker ants
  2 hound skeletons
  2 worker ant zombies (D:4)
  7 gnolls
  13 adders
  A shadow imp (D:6)
  An ooze (D:2)
  2 adder zombies
  An adder skeleton (D:8)
  2 worms
  A dart slug (D:1)
  3 leopard geckos
  30 orcs
  8 bats
  7 giant cockroaches
  6 goblins
  7 hobgoblins
  9 jackals
  6 kobolds
  3 quokkas
  3 ball pythons
  A ball python skeleton (D:4)
  3 frilled lizards
  A jackal skeleton (D:4)
  A leopard gecko skeleton (D:4)
  2 leopard gecko zombies
  A quokka skeleton (D:4)
  3 quokka zombies (D:4)
  9 rats
191 creatures vanquished.

Notes
Turn   | Place    | Note
-------+----------+-------------------------------------------
     0 | D:1      | Alfie the Minotaur Hunter began the quest for the Orb.
     0 | D:1      | Reached XP level 1. HP: 18/18 MP: 0/0
   305 | D:1      | Reached XP level 2. HP: 25/25 MP: 1/1
   455 | D:1      | Reached skill level 5 in Bows
   720 | D:1      | Reached XP level 3. HP: 27/30 MP: 2/2
   859 | D:2      | Reached skill level 1 in Armour
  1458 | D:3      | Reached XP level 4. HP: 37/37 MP: 3/3
  1567 | D:3      | Reached skill level 6 in Bows
  1623 | D:3      | Noticed Alfie's ghost (amateur MiHu)
  1635 | D:3      | Killed Alfie's ghost
  1635 | D:3      | Reached skill level 1 in Stealth
  1635 | D:3      | Reached XP level 5. HP: 43/45 MP: 4/4
  1749 | D:3      | Found a hide-covered altar of Uskayaw.
  2231 | D:4      | Reached skill level 7 in Bows
  2240 | D:4      | Reached XP level 6. HP: 43/51 MP: 5/5
  2291 | D:4      | Found a staircase to the Ecumenical Temple.
  2425 | D:4      | Reached skill level 1 in Short Blades
  2536 | D:4      | Noticed Blork the orc
  2558 | D:4      | Killed Blork the orc
  2558 | D:4      | Reached XP level 7. HP: 35/60 MP: 6/6
  2674 | D:4      | Noticed Alfie's ghost (amateur MiHu)
  2701 | D:4      | Killed Alfie's ghost
  2701 | D:4      | Reached skill level 8 in Bows
  2741 | D:4      | Reached skill level 5 in Fighting
  2972 | D:5      | Entered Level 5 of the Dungeon
  3011 | D:5      | Found a sacrificial altar of Ru.
  3032 | D:5      | Got a crude tin ring
  3230 | D:5      | Reached skill level 9 in Bows
  3230 | D:5      | Reached XP level 8. HP: 54/69 MP: 7/7
  3384 | D:5      | Found a bloodstained altar of Trog.
  3639 | D:6      | Noticed Menkaure
  3647 | D:6      | Killed Menkaure
  3762 | D:6      | Reached skill level 10 in Bows
  4027 | D:6      | Found a bloodstained altar of Trog.
  4131 | D:6      | Reached XP level 9. HP: 34/78 MP: 8/8
  4377 | D:7      | Reached skill level 11 in Bows
  4557 | D:7      | Reached skill level 5 in Armour
  4793 | D:7      | Found an ancient bone altar of Kikubaaqudgha.
  4794 | D:7      | Found a basalt altar of Yredelemnul.
  4797 | D:7      | Found a hazy altar of Hepliaklqana.
  4799 | D:7      | Found a shimmering altar of Xom.
  4800 | D:7      | Found a snail-covered altar of Cheibriados.
  4813 | D:7      | Found a burning altar of Makhleb.
  5276 | D:8      | Learned a level 1 spell: Magic Dart
  5292 | D:8      | Found Iheiq's Jewellery Boutique.
  5384 | D:8      | Identified the cursed ring "Laaqyrr" {*Slow rElec MR+ AC-3 Int+5} (You found it on level 5 of the Dungeon)
  5498 | D:8      | Noticed peterlawrence's ghost (novice MiFi)
  5499 | D:8      | Reached skill level 12 in Bows
  5522 | D:8      | Killed peterlawrence's ghost
  5543 | D:8      | Found a white marble altar of Elyvilon.
  5632 | D:8      | Reached XP level 10. HP: 66/88 MP: 9/9
  5646 | D:8      | Found a large runed door.
  5647 | D:8      | Found a large runed door.
  5667 | D:8      | Found a stormy altar of Qazlal.
  5667 | D:8      | Noticed a yaktaur captain
  5673 | D:8      | HP: 3/89 [yaktaur captain/bolt (32)]
  5675 | D:8      | Shot with a bolt by a yaktaur captain

Skill      XL: |  1  2  3  4  5  6  7  8  9 |
---------------+----------------------------+-----
Bows           | 5 6 7 9 10 12 | 12.6
Armour         | 1 2 4 6 |  6.1
Fighting       | 3 4 5 6 8 |  8.3
Stealth        | 1 |  1.4
Short Blades   | 1 2 |  2.2
Dodging        | 3 |  3.1

Action                   |  1- 3 |  4- 6 |  7- 9 | 10-12 || total
-------------------------+-------+-------+-------+-------++-------
Melee: Short sword       |    16 |    21 |     7 |       ||    44
       Headbutt          |       |     5 |     2 |       ||     7
 Fire: Shortbow          |   115 |   157 |   458 |    15 ||   745
  Use: Scroll            |     5 |     6 |     6 |     1 ||    18
       Potion            |       |     3 |     2 |       ||     5
  Eat: Fruit             |     1 |     2 |       |       ||     3
       Royal jelly       |     1 |       |       |       ||     1
       Meat ration       |       |       |     2 |       ||     2
Armor: Chain mail        |    45 |    56 |    93 |     1 ||   195
Dodge: Dodged            |    24 |    36 |    87 |     1 ||   148
